Stars vs Oilers
(R1)
Created - 3 octobre 2014 at 20:19
Goals
|
| Stars |
1 |
0 |
2 |
3 |
| Oilers |
0 |
0 |
5 |
5 |
|
Shots
|
| Stars |
9 |
9 |
14 |
32 |
| Oilers |
9 |
6 |
21 |
36 |
|
1st period
1. Stars , Evgeny Artyukhin 2 (Marty Reasoner, Jan Hlavac) at 0:57
Penalties :
Duncan Keith (Edm) for Delaying the game (Minor) at 1:10, Brendan Bell (Dal) for Holding (Minor) at 9:22, Tomas Plekanec (Dal) for Hooking (Minor) at 16:58
2nd period
No Goal
Penalties :
Brendan Bell (Dal) for Hooking (Minor) at 0:22, Alexei Morozov (Dal) for Kneeing (Major) at 5:26, Filip Novak (Dal) for Roughing (Minor) at 18:01
3rd period
2. Oilers , Pavel Datsyuk 5 (Patrick Kaleta, Rob Scuderi) at 0:50
3. Oilers , Jonathan Toews 3 (Ilya Kovalchuk, Zach Bogosian) at 3:45
4. Stars , John Tavares 2 (Pavel Kubina, Matthew Spiller) at 10:22
5. Oilers , Tomas Fleischmann 3 (Eric Nystrom, Ian White) at 12:05
6. Oilers , Pavel Datsyuk 6 (Steve Begin, Ian White) at 13:46 (SH)
7. Stars , Kurtis Foster 1 (Alexei Morozov, Henrik Sedin) at 13:52 (PP)
8. Oilers , Ilya Kovalchuk 2 (Pavel Datsyuk, Rob Scuderi) at 19:55 (Empty Net)
Penalties :
Matthew Spiller (Dal) for Interference (Minor) at 1:07, Wayne Simmonds (Edm) for Interference (Minor) at 5:14, Henrik Sedin (Dal) for Holding (Minor) at 8:46, Tomas Fleischmann (Edm) for Hooking (Minor) at 9:31, Tomas Fleischmann (Edm) for Goalie Interference (Minor) at 13:40, Daniel Cleary (Dal) for Hooking (Minor) at 15:50
Goalie Stats
Pascal Leclaire (Dal), 31 saves from 35 shots - (0,886), L, 0-2-1, 59:36 minutes
Cam Ward (Edm), 29 saves from 32 shots - (0,906), W, 3-2-0, 60:00 minutes
Players Stats for Stars
Player Name G A P +/- PIM S H SB GA TA FO MP PP MP PK MP
------------------------------------------------------------------------------------
Alexei Morozov 0 1 1 -3 5 1 0 2 0 0 1/1 14:01 2:39 0:00
Brendan Bell 0 0 0 1 4 2 1 3 0 0 0/0 23:12 2:07 7:53
Daniel Cleary 0 0 0 -1 2 1 1 1 0 0 1/1 16:09 0:02 8:01
Daniel Sedin 0 0 0 -3 0 2 2 0 0 0 2/2 18:30 2:07 3:44
Evgeny Artyukhin 1 0 1 1 0 2 0 0 0 0 0/0 4:55 0:00 0:00
Filip Novak 0 0 0 -1 2 0 0 1 0 0 0/0 18:43 0:00 9:05
Henrik Sedin 0 1 1 -3 2 3 3 0 1 0 14/25 15:27 2:39 0:10
Jan Hlavac 0 1 1 1 0 1 1 0 0 0 0/0 12:17 0:02 5:53
John Tavares 1 0 1 0 0 4 1 0 0 0 4/7 11:10 0:02 3:28
Kurtis Foster 1 0 1 -1 0 3 0 0 0 0 0/0 24:14 2:48 8:35
Marty Reasoner 0 1 1 1 0 2 3 1 0 0 10/18 14:55 0:00 9:21
Matthew Spiller 0 1 1 -1 2 0 4 2 0 0 0/0 19:52 2:07 2:52
Milan Michalek 0 0 0 -1 0 3 0 0 0 0 3/4 13:04 2:14 0:00
Pavel Kubina 0 1 1 -3 0 3 0 0 0 0 0/0 22:11 2:45 2:40
Randy Jones 0 0 0 -1 0 1 0 1 0 1 0/0 12:40 0:03 4:11
Sean Avery 0 0 0 0 0 0 2 0 0 0 0/1 7:40 0:32 0:00
Shane Doan 0 0 0 -1 0 1 3 1 1 0 0/0 14:11 2:14 0:00
Tomas Plekanec 0 0 0 -1 2 3 3 0 0 1 5/9 17:49 2:14 4:39
Players Stats for Oilers
Player Name G A P +/- PIM S H SB GA TA FO MP PP MP PK MP
------------------------------------------------------------------------------------
Christian Ehrhoff 0 0 0 -1 0 3 0 1 0 0 0/0 22:04 7:59 0:16
Duncan Keith 0 0 0 0 2 1 3 2 1 0 0/0 21:21 8:56 0:00
Eric Nystrom 0 1 1 1 0 1 1 0 0 0 0/0 14:26 0:26 2:22
Ian White 0 2 2 2 0 3 3 4 0 0 0/0 26:41 8:56 2:25
Ilya Kovalchuk 1 1 2 2 0 7 0 1 0 0 0/0 22:11 7:24 0:12
Joe Pavelski 0 0 0 1 0 2 2 0 0 0 1/4 21:57 7:23 0:16
Jonathan Toews 1 0 1 1 0 5 2 0 0 0 10/25 20:27 7:53 0:00
Jordan Nolan 0 0 0 0 0 0 0 1 0 0 0/2 7:30 1:31 0:00
Patrick Kaleta 0 1 1 0 0 1 0 0 0 0 0/0 15:52 8:03 0:00
Pavel Datsyuk 2 1 3 1 0 4 3 1 1 1 10/21 22:15 8:08 2:21
Peter Regin 0 0 0 1 0 3 2 1 0 0 7/15 14:23 2:09 2:22
Rob Scuderi 0 2 2 2 0 1 1 0 0 0 0/0 13:14 0:41 2:30
Scott Niedermayer 0 0 0 0 0 1 1 1 0 0 0/0 20:58 8:01 2:30
Steve Begin 0 1 1 1 0 1 0 0 0 1 0/1 6:21 0:00 2:05
Steve Staios 0 0 0 2 0 0 0 0 0 0 0/0 4:34 0:00 2:09
Tomas Fleischmann 1 0 1 1 4 1 1 0 0 0 0/0 16:10 7:50 0:00
Wayne Simmonds 0 0 0 0 2 0 2 0 0 0 0/0 12:15 2:06 0:12
Zach Bogosian 0 1 1 1 0 2 1 1 0 0 0/0 11:08 0:43 0:00
3 Stars
1 - Pavel Datsyuk (Edm)
2 - Ian White (Edm)
3 - Ilya Kovalchuk (Edm)
Power Play
Stars - 1 on 4 Attempt(s) - 25,00%
Oilers - 0 on 8 Attempt(s) - 0,00%
Penalty Kill
Stars - 8 on 8 Attempt(s) - 100,00%
- Score 0 goal in Penalty Kill
Oilers - 3 on 4 Attempt(s) - 75,00%
- Score 1 goal in Penalty Kill
Official
Referees : Leggo Mike and Sutherland Kelly
Linesman : Derek Nansen and Bryan Pancich
Game Notes
Ilya Kovalchuk has scored in a empty net!
Finance
Level 1 -- Attendance: 4618 (76,97%) -- Ticket Income 471 036 $
Level 2 -- Attendance: 5000 (100,00%) -- Ticket Income 270 000 $
Level 3 -- Attendance: 2000 (100,00%) -- Ticket Income 64 000 $
Level 4 -- Attendance: 3609 (90,23%) -- Ticket Income 75 789 $
Luxury Box -- Attendance: 1000 (100,00%) -- Ticket Income 161 000 $
Game was played at the Rexall Place
Total Attendance: 16227 (90,15%)
Total Ticket Income: 1 041 825 $
Other Income: 156 274 $
Total Income: 1 198 099 $
Stars
5 vs 5 Forward
Center Left Wing Right Wing Time % Phy DF OF
1 Henrik Sedin Daniel Sedin Shane Doan 40 1 2 2
2 Tomas Plekanec Milan Michalek Alexei Morozov 30 1 2 2
3 John Tavares Sean Avery Daniel Cleary 20 1 2 2
4 Marty Reasoner Jan Hlavac Evgeny Artyukhin 10 1 2 2
5 vs 5 Defense
Defense Defense Time % Phy DF OF
1 Pavel Kubina Matthew Spiller 40 1 2 2
2 Kurtis Foster Brendan Bell 30 1 2 2
3 Randy Jones Filip Novak 20 1 2 2
4 Pavel Kubina Matthew Spiller 10 1 2 2
PowerPlay Forward
Center Left Wing Right Wing Time % Phy DF OF
1 Henrik Sedin Daniel Sedin Alexei Morozov 60 1 2 2
2 Tomas Plekanec Milan Michalek Shane Doan 40 1 2 2
PowerPlay Defense
Defense Defense Time % Phy DF OF
1 Pavel Kubina Kurtis Foster 60 1 2 2
2 Brendan Bell Matthew Spiller 40 1 2 2
Penalty Kill 4 Players Forward
Center Wing Time % Phy DF OF
1 Marty Reasoner Daniel Cleary 60 1 2 2
2 Tomas Plekanec Jan Hlavac 40 1 2 2
Penalty Kill 4 Players Defense
Defense Defense Time % Phy DF OF
1 Brendan Bell Filip Novak 60 1 2 2
2 Kurtis Foster Randy Jones 40 1 2 2
Penalty Kill - 3 Players Forward
Forward Time % Phy DF OF
1 Marty Reasoner 60 1 2 2
2 Tomas Plekanec 40 1 2 2
Penalty Kill - 3 Players Defense
Defense Defense Time % Phy DF OF
1 Brendan Bell Filip Novak 60 1 2 2
2 Kurtis Foster Randy Jones 40 1 2 2
4 vs 4 Forward
Center Wing Time % Phy DF OF
1 Henrik Sedin Alexei Morozov 60 1 2 2
2 Tomas Plekanec Shane Doan 40 1 2 2
4 vs 4 Defense
Defense Defense Time % Phy DF OF
1 Pavel Kubina Matthew Spiller 60 1 2 2
2 Kurtis Foster Randy Jones 40 1 2 2
Last Minutes Offensive
Center Left Wing Right Wing Defense Defense
Henrik Sedin Daniel Sedin Alexei Morozov Pavel Kubina Kurtis Foster
Last Minutes Defensive
Center Left Wing Right Wing Defense Defense
Marty Reasoner Jan Hlavac Daniel Cleary Matthew Spiller Randy Jones
Goaltenders
Starting : Pascal Leclaire
Backup : Patrick Lalime
Extra Forwards
Normal : Milan Michalek, Sean Avery, John Tavares - PP : Alexei Morozov, Daniel Sedin - PK : Daniel Cleary
Extra Defensemen
Normal : Brendan Bell, Filip Novak, Kurtis Foster - PP : Pavel Kubina - PK : Filip Novak, Kurtis Foster
Penalty Shots
Daniel Sedin, Alexei Morozov, John Tavares, Shane Doan, Milan Michalek
Oilers
5 vs 5 Forward
Center Left Wing Right Wing Time % Phy DF OF
1 Jonathan Toews Ilya Kovalchuk Joe Pavelski 40 0 2 3
2 Pavel Datsyuk Tomas Fleischmann Patrick Kaleta 30 1 2 2
3 Peter Regin Eric Nystrom Wayne Simmonds 20 1 2 2
4 Jordan Nolan Steve Begin Pavel Datsyuk 10 1 2 2
5 vs 5 Defense
Defense Defense Time % Phy DF OF
1 Ian White Christian Ehrhoff 37 1 2 2
2 Duncan Keith Zach Bogosian 30 1 2 2
3 Scott Niedermayer Rob Scuderi 26 1 2 2
4 Duncan Keith Steve Staios 7 1 2 2
PowerPlay Forward
Center Left Wing Right Wing Time % Phy DF OF
1 Jonathan Toews Ilya Kovalchuk Joe Pavelski 50 1 1 3
2 Pavel Datsyuk Tomas Fleischmann Patrick Kaleta 50 1 1 3
PowerPlay Defense
Defense Defense Time % Phy DF OF
1 Ian White Duncan Keith 50 0 2 3
2 Christian Ehrhoff Scott Niedermayer 50 0 2 3
Penalty Kill 4 Players Forward
Center Wing Time % Phy DF OF
1 Pavel Datsyuk Steve Begin 50 1 3 1
2 Peter Regin Eric Nystrom 50 1 3 1
Penalty Kill 4 Players Defense
Defense Defense Time % Phy DF OF
1 Ian White Steve Staios 50 1 3 1
2 Scott Niedermayer Rob Scuderi 50 1 3 1
Penalty Kill - 3 Players Forward
Forward Time % Phy DF OF
1 Pavel Datsyuk 50 1 4 0
2 Peter Regin 50 1 4 0
Penalty Kill - 3 Players Defense
Defense Defense Time % Phy DF OF
1 Ian White Scott Niedermayer 50 1 4 0
2 Duncan Keith Rob Scuderi 50 1 4 0
4 vs 4 Forward
Center Wing Time % Phy DF OF
1 Jonathan Toews Ilya Kovalchuk 50 0 2 3
2 Pavel Datsyuk Joe Pavelski 50 0 2 3
4 vs 4 Defense
Defense Defense Time % Phy DF OF
1 Ian White Christian Ehrhoff 50 1 2 2
2 Duncan Keith Scott Niedermayer 50 1 2 2
Last Minutes Offensive
Center Left Wing Right Wing Defense Defense
Pavel Datsyuk Ilya Kovalchuk Jonathan Toews Ian White Scott Niedermayer
Last Minutes Defensive
Center Left Wing Right Wing Defense Defense
Pavel Datsyuk Ilya Kovalchuk Joe Pavelski Ian White Rob Scuderi
Goaltenders
Starting : Cam Ward
Backup : Sebastien Caron
Extra Forwards
Normal : Pavel Datsyuk, Eric Nystrom, Ilya Kovalchuk - PP : Peter Regin, Wayne Simmonds - PK : Wayne Simmonds
Extra Defensemen
Normal : Duncan Keith, Scott Niedermayer, Ian White - PP : Zach Bogosian - PK : Christian Ehrhoff, Zach Bogosian
Penalty Shots
Ilya Kovalchuk, Joe Pavelski, Pavel Datsyuk, Jonathan Toews, Peter Regin
% Time on Ice - Stars
Lines # - Real PCT - Wanted PCT - Time Play
Normal Forward
1 - 38% - 40% - 13:39
2 - 30% - 30% - 10:32
3 - 18% - 20% - 6:33
4 - 14% - 10% - 4:55
Normal Defense
1 - 49% - 40% - 17:20
2 - 30% - 30% - 10:38
3 - 20% - 20% - 7:09
4 - 1% - 10% - 0:32
PP Forward
1 - 55% - 60% - 2:41
2 - 45% - 40% - 2:14
PP Defense
1 - 56% - 60% - 2:45
2 - 44% - 40% - 2:10
PK Forward
1 - 69% - 60% - 12:15
2 - 31% - 40% - 5:23
PK Defense
1 - 70% - 60% - 12:20
2 - 30% - 40% - 5:18
PK3 Forward
1 - 0% - 60%
2 - 0% - 40%
PK3 Defense
1 - 0% - 60%
2 - 0% - 40%
44 Forward
1 - 100% - 60% - 1:14
2 - 0% - 40% - 0:00
44 Defense
1 - 69% - 60% - 0:51
2 - 31% - 40% - 0:23
Last Minute Offensive - 0:34
Last Minute Defensive - 0:00
Total
Forward - 60:00
Defense - 60:00
|
% Time on Ice - Oilers
Lines # - Real PCT - Wanted PCT - Time Play
Normal Forward
1 - 36% - 40% - 12:35
2 - 26% - 30% - 9:01
3 - 27% - 20% - 9:27
4 - 11% - 10% - 4:02
Normal Defense
1 - 38% - 37% - 13:13
2 - 31% - 30% - 10:54
3 - 27% - 26% - 9:28
4 - 4% - 7% - 1:30
PP Forward
1 - 49% - 50% - 8:41
2 - 51% - 50% - 8:57
PP Defense
1 - 51% - 50% - 8:56
2 - 49% - 50% - 8:42
PK Forward
1 - 46% - 50% - 2:17
2 - 54% - 50% - 2:38
PK Defense
1 - 49% - 50% - 2:25
2 - 51% - 50% - 2:30
PK3 Forward
1 - 0% - 50%
2 - 0% - 50%
PK3 Defense
1 - 0% - 50%
2 - 0% - 50%
44 Forward
1 - 61% - 50% - 0:45
2 - 39% - 50% - 0:29
44 Defense
1 - 65% - 50% - 0:48
2 - 35% - 50% - 0:26
Last Minute Offensive - 0:00
Last Minute Defensive - 1:08
Total
Forward - 60:00
Defense - 60:00
|
Play by Play
1st period
0:01 of 1st period - Henrik Sedin wins face-off versus Jonathan Toews in neutral zone.
0:10 of 1st period - Snap shot by Shane Doan.
0:10 of 1st period - Shot Misses the Net.
0:36 of 1st period - Wrist shot by Tomas Plekanec.
0:36 of 1st period - Shot Blocked by Ian White.
0:46 of 1st period - Christian Ehrhoff is hit by Marty Reasoner and loses puck.
0:53 of 1st period - Snap shot by Jan Hlavac.
0:53 of 1st period - Shot Blocked by Ian White.
0:55 of 1st period - Snap shot by Marty Reasoner.
0:55 of 1st period - Shot Blocked by Pavel Datsyuk.
0:57 of 1st period - Slapshot by Evgeny Artyukhin.
0:57 of 1st period - Goal by Evgeny Artyukhin - Stars : 1 - Oilers : 0.
0:58 of 1st period - Peter Regin wins face-off versus John Tavares in neutral zone.
1:10 of 1st period - Minor Penalty to Duncan Keith for Delaying the game.
1:11 of 1st period - Pavel Datsyuk wins face-off versus Henrik Sedin in Oilers zone.
1:37 of 1st period - Milan Michalek is hit by Pavel Datsyuk and loses puck.
2:38 of 1st period - Rob Scuderi is hit by Shane Doan and loses puck.
3:10 of 1st period - Penalty to Duncan Keith is over, Duncan Keith is back on ice.
3:14 of 1st period - Pavel Kubina is hit by Zach Bogosian and loses puck.
4:19 of 1st period - Icing by Filip Novak.
4:20 of 1st period - Peter Regin wins face-off versus Tomas Plekanec in Stars zone.
4:21 of 1st period - Slapshot by Eric Nystrom.
4:21 of 1st period - Stopped by Pascal Leclaire without a rebound.
4:22 of 1st period - Milan Michalek wins face-off versus Peter Regin in Stars zone.
4:37 of 1st period - Wrist shot by Milan Michalek.
4:37 of 1st period - Shot Blocked by Peter Regin.
4:53 of 1st period - Snap shot by John Tavares.
4:53 of 1st period - Stopped by Cam Ward without a rebound.
4:54 of 1st period - John Tavares wins face-off versus Jonathan Toews in Oilers zone.
5:19 of 1st period - Wrist shot by Pavel Datsyuk.
5:19 of 1st period - Stopped by Pascal Leclaire with a rebound.
5:27 of 1st period - Duncan Keith is hit by Shane Doan and loses puck.
5:40 of 1st period - Tomas Plekanec is hit by Duncan Keith and loses puck.
5:59 of 1st period - Rob Scuderi is hit by Brendan Bell.
6:07 of 1st period - Filip Novak is hit by Rob Scuderi and loses puck.
6:20 of 1st period - Snap shot by John Tavares.
6:20 of 1st period - Stopped by Cam Ward with a rebound.
6:22 of 1st period - Backhand shot by Daniel Cleary.
6:22 of 1st period - Shot Blocked by Ian White.
6:24 of 1st period - Snap shot by Daniel Cleary.
6:24 of 1st period - Stopped by Cam Ward with a rebound.
6:38 of 1st period - Ian White is hit by Shane Doan and loses puck.
6:44 of 1st period - Off-side.
6:45 of 1st period - Henrik Sedin wins face-off versus Joe Pavelski in neutral zone.
6:54 of 1st period - Snap shot by Shane Doan.
6:54 of 1st period - Shot Misses the Net.
7:02 of 1st period - Henrik Sedin is hit by Joe Pavelski and loses puck.
7:33 of 1st period - Scott Niedermayer is hit by Daniel Cleary.
7:39 of 1st period - Snap shot by John Tavares.
7:39 of 1st period - Stopped by Cam Ward with a rebound.
7:41 of 1st period - Slapshot by Kurtis Foster.
7:41 of 1st period - Stopped by Cam Ward with a rebound.
7:43 of 1st period - Slapshot by Sean Avery.
7:43 of 1st period - Deflect By Daniel Cleary.
7:43 of 1st period - Shot Misses the Net.
7:43 of 1st period - Puck is out of play.
7:44 of 1st period - Henrik Sedin wins face-off versus Jonathan Toews in Oilers zone.
7:51 of 1st period - Snap shot by Jonathan Toews.
7:51 of 1st period - Stopped by Pascal Leclaire with a rebound.
7:53 of 1st period - Slapshot by Scott Niedermayer.
7:53 of 1st period - Stopped by Pascal Leclaire without a rebound.
7:54 of 1st period - Jonathan Toews wins face-off versus Henrik Sedin in Stars zone.
7:55 of 1st period - Snap shot by Ilya Kovalchuk.
7:55 of 1st period - Stopped by Pascal Leclaire with a rebound.
7:57 of 1st period - Snap shot by Scott Niedermayer.
7:57 of 1st period - Shot Blocked by Matthew Spiller.
7:59 of 1st period - Snap shot by Ilya Kovalchuk.
7:59 of 1st period - Deflect By Joe Pavelski.
7:59 of 1st period - Stopped by Pascal Leclaire with a rebound.
9:13 of 1st period - Slapshot by Ilya Kovalchuk.
9:13 of 1st period - Stopped by Pascal Leclaire with a rebound.
9:15 of 1st period - Snap shot by Joe Pavelski.
9:15 of 1st period - Deflect By Jonathan Toews.
9:15 of 1st period - Shot Misses the Net.
9:15 of 1st period - Puck is out of play.
9:16 of 1st period - Pavel Datsyuk wins face-off versus Tomas Plekanec in Stars zone.
9:22 of 1st period - Minor Penalty to Brendan Bell for Holding.
9:23 of 1st period - Marty Reasoner wins face-off versus Pavel Datsyuk in Stars zone.
9:23 of 1st period - Marty Reasoner is hit by Ian White.
11:22 of 1st period - Penalty to Brendan Bell is over, Brendan Bell is back on ice.
12:53 of 1st period - Rob Scuderi is hit by John Tavares and loses puck.
13:48 of 1st period - Pavel Datsyuk is hit by Tomas Plekanec and loses puck.
14:05 of 1st period - Joe Pavelski is hit by Henrik Sedin and loses puck.
14:25 of 1st period - Wrist shot by Jan Hlavac.
14:25 of 1st period - Stopped by Cam Ward with a rebound.
14:27 of 1st period - Snap shot by Evgeny Artyukhin.
14:27 of 1st period - Stopped by Cam Ward with a rebound.
14:29 of 1st period - Slapshot by Brendan Bell.
14:29 of 1st period - Shot Blocked by Scott Niedermayer.
15:04 of 1st period - Tomas Fleischmann is hit by Sean Avery and loses puck.
15:33 of 1st period - Duncan Keith is hit by Marty Reasoner and loses puck.
16:10 of 1st period - Christian Ehrhoff is hit by Matthew Spiller.
16:20 of 1st period - Ilya Kovalchuk is hit by Henrik Sedin and loses puck.
16:52 of 1st period - Snap shot by Peter Regin.
16:52 of 1st period - Stopped by Pascal Leclaire with a rebound.
16:58 of 1st period - Minor Penalty to Tomas Plekanec for Hooking.
16:59 of 1st period - Pavel Datsyuk wins face-off versus Marty Reasoner in Stars zone.
17:48 of 1st period - Wrist shot by Jonathan Toews.
17:48 of 1st period - Shot Misses the Net.
17:50 of 1st period - Slapshot by Scott Niedermayer.
17:50 of 1st period - Shot Blocked by Brendan Bell.
18:58 of 1st period - Penalty to Tomas Plekanec is over, Tomas Plekanec is back on ice.
19:13 of 1st period - Snap shot by Daniel Sedin.
19:13 of 1st period - Stopped by Cam Ward with a rebound.
19:27 of 1st period - Slapshot by Duncan Keith.
19:27 of 1st period - Shot Blocked by Brendan Bell.
19:29 of 1st period - Slapshot by Duncan Keith.
19:29 of 1st period - Stopped by Pascal Leclaire with a rebound.
Goals for this period are 1 for Stars vs 0 for Oilers.
Shots for this period are 9 for Stars vs 9 for Oilers.
2nd period
0:01 of 2nd period - Pavel Datsyuk wins face-off versus Henrik Sedin in neutral zone.
0:22 of 2nd period - Minor Penalty to Brendan Bell for Hooking.
0:23 of 2nd period - Jonathan Toews wins face-off versus Marty Reasoner in Stars zone.
0:32 of 2nd period - Snap shot by Marty Reasoner.
0:32 of 2nd period - Stopped by Cam Ward without a rebound.
0:33 of 2nd period - Marty Reasoner wins face-off versus Jonathan Toews in Oilers zone.
0:52 of 2nd period - Snap shot by Marty Reasoner.
0:52 of 2nd period - Shot Misses the Net.
0:54 of 2nd period - Wrist shot by Daniel Cleary.
0:54 of 2nd period - Deflect By Marty Reasoner.
0:54 of 2nd period - Stopped by Cam Ward without a rebound.
0:55 of 2nd period - Pavel Datsyuk wins face-off versus Marty Reasoner in Oilers zone.
1:04 of 2nd period - Slapshot by Patrick Kaleta.
1:04 of 2nd period - Shot Blocked by Daniel Cleary.
2:22 of 2nd period - Penalty to Brendan Bell is over, Brendan Bell is back on ice.
2:36 of 2nd period - Snap shot by Henrik Sedin.
2:36 of 2nd period - Shot Misses the Net.
4:36 of 2nd period - Snap shot by Tomas Plekanec.
4:36 of 2nd period - Deflect By Ilya Kovalchuk.
4:36 of 2nd period - Stopped by Cam Ward with a rebound.
4:38 of 2nd period - Slapshot by Pavel Kubina.
4:38 of 2nd period - Stopped by Cam Ward with a rebound.
4:40 of 2nd period - Snap shot by Pavel Kubina.
4:40 of 2nd period - Stopped by Cam Ward without a rebound.
4:41 of 2nd period - Tomas Plekanec wins face-off versus Joe Pavelski in Oilers zone.
4:48 of 2nd period - Wrist shot by Alexei Morozov.
4:48 of 2nd period - Shot Misses the Net.
4:50 of 2nd period - Slapshot by Pavel Kubina.
4:50 of 2nd period - Stopped by Cam Ward with a rebound.
4:52 of 2nd period - Wrist shot by Milan Michalek.
4:52 of 2nd period - Stopped by Cam Ward with a rebound.
4:55 of 2nd period - Icing by Rob Scuderi.
4:56 of 2nd period - Jonathan Toews wins face-off versus Henrik Sedin in Oilers zone.
4:58 of 2nd period - Icing by Rob Scuderi.
4:59 of 2nd period - Henrik Sedin wins face-off versus Jonathan Toews in Oilers zone.
5:24 of 2nd period - Snap shot by Joe Pavelski.
5:24 of 2nd period - Shot Blocked by Randy Jones.
5:26 of 2nd period - Major Penalty to Alexei Morozov for Kneeing.
5:27 of 2nd period - Pavel Datsyuk wins face-off versus Marty Reasoner in Stars zone.
7:36 of 2nd period - Brendan Bell is hit by Jonathan Toews and loses puck.
10:26 of 2nd period - Penalty to Alexei Morozov is over, Alexei Morozov is back on ice.
10:32 of 2nd period - Slapshot by Randy Jones.
10:32 of 2nd period - Stopped by Cam Ward with a rebound.
10:53 of 2nd period - Icing by Kurtis Foster.
10:54 of 2nd period - Tomas Plekanec wins face-off versus Steve Begin in Stars zone.
10:54 of 2nd period - Tomas Plekanec is hit by Eric Nystrom.
11:18 of 2nd period - Ilya Kovalchuk is hit by Sean Avery and loses puck.
11:27 of 2nd period - Snap shot by Daniel Cleary.
11:27 of 2nd period - Shot Blocked by Duncan Keith.
11:37 of 2nd period - Slapshot by Steve Begin.
11:37 of 2nd period - Stopped by Pascal Leclaire without a rebound.
11:38 of 2nd period - Marty Reasoner wins face-off versus Jordan Nolan in Stars zone.
12:06 of 2nd period - Slapshot by Peter Regin.
12:06 of 2nd period - Stopped by Pascal Leclaire with a rebound.
13:01 of 2nd period - Ian White is hit by Matthew Spiller and loses puck.
13:33 of 2nd period - Snap shot by Joe Pavelski.
13:33 of 2nd period - Shot Misses the Net.
13:35 of 2nd period - Slapshot by Christian Ehrhoff.
13:35 of 2nd period - Stopped by Pascal Leclaire with a rebound.
13:37 of 2nd period - Slapshot by Christian Ehrhoff.
13:37 of 2nd period - Shot Misses the Net.
13:39 of 2nd period - Slapshot by Christian Ehrhoff.
13:39 of 2nd period - Stopped by Pascal Leclaire with a rebound.
13:41 of 2nd period - Slapshot by Ian White.
13:41 of 2nd period - Shot Blocked by Filip Novak.
13:54 of 2nd period - Icing by Daniel Cleary.
13:55 of 2nd period - John Tavares wins face-off versus Peter Regin in Stars zone.
13:57 of 2nd period - Icing by Filip Novak.
13:58 of 2nd period - John Tavares wins face-off versus Peter Regin in Stars zone.
13:58 of 2nd period - John Tavares is hit by Peter Regin.
14:31 of 2nd period - Icing by Peter Regin.
14:32 of 2nd period - Henrik Sedin wins face-off versus Peter Regin in Oilers zone.
14:41 of 2nd period - Wrist shot by Wayne Simmonds.
14:41 of 2nd period - Deflect By Eric Nystrom.
14:41 of 2nd period - Shot Misses the Net.
14:41 of 2nd period - Puck is out of play.
14:42 of 2nd period - Henrik Sedin wins face-off versus Pavel Datsyuk in Stars zone.
15:43 of 2nd period - Wrist shot by Eric Nystrom.
15:43 of 2nd period - Shot Blocked by Alexei Morozov.
16:15 of 2nd period - Brendan Bell is hit by Scott Niedermayer and loses puck.
16:38 of 2nd period - Wrist shot by Daniel Sedin.
16:38 of 2nd period - Stopped by Cam Ward with a rebound.
17:18 of 2nd period - Wrist shot by John Tavares.
17:18 of 2nd period - Shot Misses the Net.
17:53 of 2nd period - Wrist shot by Marty Reasoner.
17:53 of 2nd period - Shot Misses the Net.
18:01 of 2nd period - Minor Penalty to Filip Novak for Roughing.
18:02 of 2nd period - Jonathan Toews wins face-off versus Marty Reasoner in Stars zone.
18:09 of 2nd period - Snap shot by Ilya Kovalchuk.
18:09 of 2nd period - Shot Misses the Net.
18:11 of 2nd period - Snap shot by Jonathan Toews.
18:11 of 2nd period - Stopped by Pascal Leclaire without a rebound.
18:12 of 2nd period - Marty Reasoner wins face-off versus Jonathan Toews in Stars zone.
18:29 of 2nd period - Snap shot by Ilya Kovalchuk.
18:29 of 2nd period - Stopped by Pascal Leclaire without a rebound.
18:30 of 2nd period - Daniel Cleary wins face-off versus Pavel Datsyuk in Stars zone.
18:42 of 2nd period - Off-side.
18:43 of 2nd period - Jonathan Toews wins face-off versus Marty Reasoner in neutral zone.
19:10 of 2nd period - Tomas Plekanec is hit by Pavel Datsyuk and loses puck.
Goals for this period are 0 for Stars vs 0 for Oilers.
Shots for this period are 9 for Stars vs 6 for Oilers.
3rd period
0:01 of 3rd period - Penalty to Filip Novak is over, Filip Novak is back on ice.
0:01 of 3rd period - Marty Reasoner wins face-off versus Jonathan Toews in neutral zone.
0:26 of 3rd period - Daniel Cleary is hit by Wayne Simmonds and loses puck.
0:35 of 3rd period - Snap shot by Daniel Cleary.
0:35 of 3rd period - Shot Blocked by Duncan Keith.
0:37 of 3rd period - Snap shot by Filip Novak.
0:37 of 3rd period - Shot Blocked by Ian White.
0:39 of 3rd period - Wrist shot by Marty Reasoner.
0:39 of 3rd period - Deflect By Filip Novak.
0:39 of 3rd period - Shot Misses the Net.
0:39 of 3rd period - Puck is out of play.
0:40 of 3rd period - Pavel Datsyuk wins face-off versus Henrik Sedin in Oilers zone.
0:40 of 3rd period - Pavel Datsyuk is hit by Matthew Spiller.
0:48 of 3rd period - Snap shot by Patrick Kaleta.
0:48 of 3rd period - Stopped by Pascal Leclaire with a rebound.
0:50 of 3rd period - Snap shot by Pavel Datsyuk.
0:50 of 3rd period - Goal by Pavel Datsyuk - Stars : 1 - Oilers : 1.
0:51 of 3rd period - Joe Pavelski wins face-off versus Henrik Sedin in neutral zone.
1:04 of 3rd period - Slapshot by Ilya Kovalchuk.
1:04 of 3rd period - Stopped by Pascal Leclaire without a rebound.
1:05 of 3rd period - Henrik Sedin wins face-off versus Pavel Datsyuk in Stars zone.
1:07 of 3rd period - Minor Penalty to Matthew Spiller for Interference.
1:08 of 3rd period - Marty Reasoner wins face-off versus Jonathan Toews in Stars zone.
1:48 of 3rd period - Slapshot by Patrick Kaleta.
1:48 of 3rd period - Shot Misses the Net.
1:50 of 3rd period - Backhand shot by Pavel Datsyuk.
1:50 of 3rd period - Deflect By Randy Jones.
1:50 of 3rd period - Shot Misses the Net.
1:50 of 3rd period - Puck is out of play.
1:51 of 3rd period - Marty Reasoner wins face-off versus Pavel Datsyuk in Stars zone.
2:27 of 3rd period - Off-side.
2:28 of 3rd period - Marty Reasoner wins face-off versus Pavel Datsyuk in neutral zone.
3:07 of 3rd period - Penalty to Matthew Spiller is over, Matthew Spiller is back on ice.
3:11 of 3rd period - Snap shot by Tomas Plekanec.
3:11 of 3rd period - Shot Misses the Net.
3:13 of 3rd period - Slapshot by Filip Novak.
3:13 of 3rd period - Deflect By Tomas Plekanec.
3:13 of 3rd period - Stopped by Cam Ward without a rebound.
3:14 of 3rd period - Peter Regin wins face-off versus Henrik Sedin in Oilers zone.
3:39 of 3rd period - Joe Pavelski is hit by Tomas Plekanec.
3:45 of 3rd period - Slapshot by Ilya Kovalchuk.
3:45 of 3rd period - Deflect By Jonathan Toews.
3:45 of 3rd period - Goal by Jonathan Toews - Stars : 1 - Oilers : 2.
3:46 of 3rd period - Henrik Sedin wins face-off versus Pavel Datsyuk in neutral zone.
3:51 of 3rd period - Slapshot by Pavel Kubina.
3:51 of 3rd period - Shot Misses the Net.
4:13 of 3rd period - Tomas Plekanec is hit by Ian White and loses puck.
4:18 of 3rd period - Wrist shot by Jonathan Toews.
4:18 of 3rd period - Stopped by Pascal Leclaire without a rebound.
4:19 of 3rd period - Jonathan Toews wins face-off versus Tomas Plekanec in Stars zone.
4:24 of 3rd period - Wrist shot by Ilya Kovalchuk.
4:24 of 3rd period - Shot Blocked by Alexei Morozov.
4:26 of 3rd period - Slapshot by Zach Bogosian.
4:26 of 3rd period - Stopped by Pascal Leclaire with a rebound.
4:28 of 3rd period - Backhand shot by Ilya Kovalchuk.
4:28 of 3rd period - Shot Blocked by Brendan Bell.
4:30 of 3rd period - Slapshot by Zach Bogosian.
4:30 of 3rd period - Stopped by Pascal Leclaire without a rebound.
4:31 of 3rd period - Henrik Sedin wins face-off versus Jonathan Toews in Stars zone.
5:14 of 3rd period - Minor Penalty to Wayne Simmonds for Interference.
5:15 of 3rd period - Henrik Sedin wins face-off versus Peter Regin in Oilers zone.
5:59 of 3rd period - Ian White is hit by Tomas Plekanec and loses puck.
6:06 of 3rd period - Slapshot by Milan Michalek.
6:06 of 3rd period - Shot Misses the Net.
6:08 of 3rd period - Slapshot by Matthew Spiller.
6:08 of 3rd period - Deflect By Shane Doan.
6:08 of 3rd period - Shot Misses the Net.
6:08 of 3rd period - Puck is out of play.
6:09 of 3rd period - Henrik Sedin wins face-off versus Peter Regin in Oilers zone.
6:21 of 3rd period - Off-side.
6:22 of 3rd period - Peter Regin wins face-off versus Henrik Sedin in neutral zone.
6:29 of 3rd period - Henrik Sedin is hit by Peter Regin and loses puck.
7:14 of 3rd period - Penalty to Wayne Simmonds is over, Wayne Simmonds is back on ice.
8:00 of 3rd period - Marty Reasoner is hit by Duncan Keith.
8:24 of 3rd period - Wrist shot by Joe Pavelski.
8:24 of 3rd period - Shot Hit the Post.
8:46 of 3rd period - Minor Penalty to Henrik Sedin for Holding.
8:47 of 3rd period - Marty Reasoner wins face-off versus Jonathan Toews in Stars zone.
9:31 of 3rd period - Minor Penalty to Tomas Fleischmann for Hooking.
9:32 of 3rd period - Jonathan Toews wins face-off versus Milan Michalek in Oilers zone.
9:39 of 3rd period - Slapshot by Ilya Kovalchuk.
9:39 of 3rd period - Stopped by Pascal Leclaire with a rebound.
9:41 of 3rd period - Wrist shot by Ilya Kovalchuk.
9:41 of 3rd period - Shot Misses the Net.
10:22 of 3rd period - Wrist shot by John Tavares.
10:22 of 3rd period - Goal by John Tavares - Stars : 2 - Oilers : 2.
10:23 of 3rd period - Milan Michalek wins face-off versus Jonathan Toews in neutral zone.
10:26 of 3rd period - Snap shot by Alexei Morozov.
10:26 of 3rd period - Shot Blocked by Ilya Kovalchuk.
10:46 of 3rd period - Penalty to Henrik Sedin is over, Henrik Sedin is back on ice.
10:48 of 3rd period - Sean Avery is hit by Pavel Datsyuk.
10:56 of 3rd period - Snap shot by Henrik Sedin.
10:56 of 3rd period - Stopped by Cam Ward with a rebound.
11:05 of 3rd period - Icing by Matthew Spiller.
11:06 of 3rd period - Peter Regin wins face-off versus Sean Avery in Stars zone.
11:13 of 3rd period - Snap shot by Peter Regin.
11:13 of 3rd period - Stopped by Pascal Leclaire with a rebound.
11:15 of 3rd period - Wrist shot by Rob Scuderi.
11:15 of 3rd period - Shot Misses the Net.
11:17 of 3rd period - Snap shot by Rob Scuderi.
11:17 of 3rd period - Stopped by Pascal Leclaire without a rebound.
11:18 of 3rd period - Pavel Datsyuk wins face-off versus Tomas Plekanec in Stars zone.
11:31 of 3rd period - Penalty to Tomas Fleischmann is over, Tomas Fleischmann is back on ice.
11:44 of 3rd period - Tomas Fleischmann is hit by Marty Reasoner and loses puck.
11:55 of 3rd period - Ian White is hit by Jan Hlavac.
12:05 of 3rd period - Snap shot by Tomas Fleischmann.
12:05 of 3rd period - Goal by Tomas Fleischmann - Stars : 2 - Oilers : 3.
12:06 of 3rd period - Daniel Sedin wins face-off versus Jonathan Toews in neutral zone.
12:19 of 3rd period - Wrist shot by Henrik Sedin.
12:19 of 3rd period - Stopped by Cam Ward without a rebound.
12:20 of 3rd period - Henrik Sedin wins face-off versus Pavel Datsyuk in Oilers zone.
12:23 of 3rd period - Wrist shot by Henrik Sedin.
12:23 of 3rd period - Stopped by Cam Ward without a rebound.
12:24 of 3rd period - Pavel Datsyuk wins face-off versus Henrik Sedin in Oilers zone.
12:28 of 3rd period - Ian White is hit by Daniel Sedin.
12:34 of 3rd period - Snap shot by Pavel Datsyuk.
12:34 of 3rd period - Shot Misses the Net.
12:38 of 3rd period - Wrist shot by Pavel Datsyuk.
12:38 of 3rd period - Shot Blocked by Shane Doan.
12:40 of 3rd period - Wrist shot by Pavel Datsyuk.
12:40 of 3rd period - Stopped by Pascal Leclaire without a rebound.
12:41 of 3rd period - Tomas Plekanec wins face-off versus Jonathan Toews in Stars zone.
13:06 of 3rd period - Milan Michalek is hit by Ian White and loses puck.
13:13 of 3rd period - Wrist shot by Eric Nystrom.
13:13 of 3rd period - Shot Misses the Net.
13:32 of 3rd period - Brendan Bell is hit by Duncan Keith and loses puck.
13:40 of 3rd period - Minor Penalty to Tomas Fleischmann for Goalie Interference.
13:41 of 3rd period - Pavel Datsyuk wins face-off versus Henrik Sedin in Oilers zone.
13:41 of 3rd period - Pavel Datsyuk is hit by Daniel Sedin.
13:46 of 3rd period - Snap shot by Steve Begin.
13:46 of 3rd period - Deflect By Pavel Datsyuk.
13:46 of 3rd period - Goal by Pavel Datsyuk - Stars : 2 - Oilers : 4.
13:47 of 3rd period - Henrik Sedin wins face-off versus Pavel Datsyuk in neutral zone.
13:52 of 3rd period - Snap shot by Kurtis Foster.
13:52 of 3rd period - Goal by Kurtis Foster - Stars : 3 - Oilers : 4.
13:53 of 3rd period - Daniel Sedin wins face-off versus Jonathan Toews in neutral zone.
13:58 of 3rd period - Ian White is hit by Henrik Sedin and loses puck.
14:22 of 3rd period - Christian Ehrhoff is hit by Matthew Spiller and loses puck.
14:31 of 3rd period - Snap shot by Tomas Plekanec.
14:31 of 3rd period - Deflect By Ian White.
14:31 of 3rd period - Shot Blocked by Christian Ehrhoff.
14:31 of 3rd period - Puck is out of play.
14:32 of 3rd period - Tomas Plekanec wins face-off versus Peter Regin in Oilers zone.
14:33 of 3rd period - Slapshot by Alexei Morozov.
14:33 of 3rd period - Shot Blocked by Zach Bogosian.
14:35 of 3rd period - Wrist shot by Milan Michalek.
14:35 of 3rd period - Shot Misses the Net.
14:37 of 3rd period - Snap shot by Milan Michalek.
14:37 of 3rd period - Shot Misses the Net.
14:39 of 3rd period - Slapshot by Tomas Plekanec.
14:39 of 3rd period - Shot Misses the Net.
14:41 of 3rd period - Snap shot by Milan Michalek.
14:41 of 3rd period - Shot Misses the Net.
14:43 of 3rd period - Slapshot by Kurtis Foster.
14:43 of 3rd period - Stopped by Cam Ward without a rebound.
14:44 of 3rd period - Henrik Sedin wins face-off versus Jonathan Toews in Oilers zone.
14:49 of 3rd period - Backhand shot by Shane Doan.
14:49 of 3rd period - Stopped by Cam Ward without a rebound.
14:50 of 3rd period - Jonathan Toews wins face-off versus Henrik Sedin in Oilers zone.
15:43 of 3rd period - Slapshot by Ian White.
15:43 of 3rd period - Stopped by Pascal Leclaire without a rebound.
15:44 of 3rd period - Peter Regin wins face-off versus John Tavares in Stars zone.
15:45 of 3rd period - Wrist shot by Wayne Simmonds.
15:45 of 3rd period - Deflect By Peter Regin.
15:45 of 3rd period - Shot Misses the Net.
15:45 of 3rd period - Puck is out of play.
15:46 of 3rd period - Peter Regin wins face-off versus John Tavares in Stars zone.
15:50 of 3rd period - Minor Penalty to Daniel Cleary for Hooking.
15:51 of 3rd period - Jonathan Toews wins face-off versus Marty Reasoner in Stars zone.
15:53 of 3rd period - Snap shot by Joe Pavelski.
15:53 of 3rd period - Shot Blocked by Marty Reasoner.
15:55 of 3rd period - Snap shot by Ilya Kovalchuk.
15:55 of 3rd period - Deflect By Joe Pavelski.
15:55 of 3rd period - Shot Misses the Net.
15:55 of 3rd period - Puck is out of play.
15:56 of 3rd period - Jonathan Toews wins face-off versus Marty Reasoner in Stars zone.
16:05 of 3rd period - Wrist shot by Jonathan Toews.
16:05 of 3rd period - Stopped by Pascal Leclaire with a rebound.
16:09 of 3rd period - Wrist shot by Jonathan Toews.
16:09 of 3rd period - Shot Misses the Net.
16:11 of 3rd period - Slapshot by Ian White.
16:11 of 3rd period - Deflect By Joe Pavelski.
16:11 of 3rd period - Stopped by Pascal Leclaire without a rebound.
16:12 of 3rd period - Marty Reasoner wins face-off versus Pavel Datsyuk in Stars zone.
16:12 of 3rd period - Marty Reasoner is hit by Tomas Fleischmann.
16:38 of 3rd period - Brendan Bell is hit by Jonathan Toews and loses puck.
17:50 of 3rd period - Penalty to Daniel Cleary is over, Daniel Cleary is back on ice.
18:10 of 3rd period - John Tavares is hit by Wayne Simmonds and loses puck.
18:33 of 3rd period - Slapshot by Alexei Morozov.
18:33 of 3rd period - Stopped by Cam Ward with a rebound.
18:35 of 3rd period - Snap shot by Milan Michalek.
18:35 of 3rd period - Stopped by Cam Ward with a rebound.
18:37 of 3rd period - Slapshot by Brendan Bell.
18:37 of 3rd period - Stopped by Cam Ward without a rebound.
18:38 of 3rd period - Milan Michalek wins face-off versus Jordan Nolan in Oilers zone.
18:41 of 3rd period - Snap shot by Milan Michalek.
18:41 of 3rd period - Stopped by Cam Ward with a rebound.
18:43 of 3rd period - Snap shot by Matthew Spiller.
18:43 of 3rd period - Shot Blocked by Jordan Nolan.
18:45 of 3rd period - Slapshot by Pavel Kubina.
18:45 of 3rd period - Shot Misses the Net.
18:47 of 3rd period - Snap shot by Tomas Plekanec.
18:47 of 3rd period - Stopped by Cam Ward without a rebound.
18:48 of 3rd period - Barry Trotz call a timeout for Stars.
18:48 of 3rd period - Tomas Plekanec wins face-off versus Pavel Datsyuk in Oilers zone.
19:11 of 3rd period - Snap shot by Pavel Datsyuk.
19:11 of 3rd period - Shot Misses the Net.
19:13 of 3rd period - Slapshot by Christian Ehrhoff.
19:13 of 3rd period - Deflect By Matthew Spiller.
19:13 of 3rd period - Stopped by Pascal Leclaire with a rebound.
19:15 of 3rd period - Wrist shot by Joe Pavelski.
19:15 of 3rd period - Shot Blocked by Matthew Spiller.
19:17 of 3rd period - Slapshot by Ian White.
19:17 of 3rd period - Stopped by Pascal Leclaire with a rebound.
19:19 of 3rd period - Snap shot by Ilya Kovalchuk.
19:19 of 3rd period - Stopped by Pascal Leclaire with a rebound.
19:21 of 3rd period - Slapshot by Ian White.
19:21 of 3rd period - Stopped by Pascal Leclaire without a rebound.
19:22 of 3rd period - Alexei Morozov wins face-off versus Joe Pavelski in Stars zone.
19:31 of 3rd period - Stars, Pascal Leclaire is pulled from the net.
19:48 of 3rd period - Alexei Morozov is hit by Joe Pavelski and loses puck.
19:55 of 3rd period - Snap shot by Ilya Kovalchuk.
19:55 of 3rd period - Goal by Ilya Kovalchuk - Stars : 3 - Oilers : 5.
19:55 of 3rd period - Pascal Leclaire from Stars was sent back in the game.
19:56 of 3rd period - John Tavares wins face-off versus Peter Regin in neutral zone.
19:59 of 3rd period - Slapshot by Brendan Bell.
19:59 of 3rd period - Stopped by Cam Ward with a rebound.
Goals for this period are 2 for Stars vs 5 for Oilers.
Shots for this period are 14 for Stars vs 21 for Oilers.
Output by the SimonT Hockey Simulator (STHS) for François Prévost -- Original Page W3C XHTML 1.0 Valid